 Dungeon Crawl Stone Soup version 0.29.1-2-gbd0b4ee654 (webtiles) character file.

Game seed: 17352031868911170568

116 GorkyZ the Trooper (level 4, -2/35 HPs)
             Began as a Demonspawn Fighter on Nov 19, 2022.
             Slain by Sigmund
             ... wielding a +4 scythe of protection
              (4 damage)
             ... on level 3 of the Dungeon.
             The game lasted 00:08:15 (2469 turns).

GorkyZ the Trooper (Demonspawn Fighter)             Turns: 2469, Time: 00:08:15

Health: -2/35      AC:  6    Str: 18    XL:     4   Next: 69%
Magic:  0/4        EV:  9    Int: 10    God:
Gold:   149        SH:  4    Dex: 12    Spells: 3/3 levels left

rFire   . . .      SeeInvis .   a - +0 flail
rCold   + . .      Faith    .   c - +0 buckler
rNeg    . . .      Spirit   +   b - +0 scale mail
rPois   .          Reflect  .   (no helmet)
rElec   .          Harm     .   (no cloak)
rCorr   .          Rampage  .   (no gloves)
Will    .....                   (no boots)
Stlth   ..........              j - amulet of guardian spirit
HPRegen 0.11/turn               f - ring of protection from cold
MPRegen 0.09/turn               (no ring)

@: no status effects
A: icemail 1, condensation shield
a: no special abilities


You were on level 3 of the Dungeon.
You visited 1 branch of the dungeon, and saw 3 of its levels.

You collected 149 gold pieces.

Inventory:

Hand Weapons
 a - a +0 flail (weapon)
 s - a +0 mace
Missiles
 g - 2 poisoned darts (quivered)
 o - 3 boomerangs
Armour
 b - a +0 scale mail (worn)
 c - a +0 buckler (worn)
Jewellery
 f - a ring of protection from cold (left hand)
 j - an amulet of guardian spirit (around neck)
 r - an amulet of magic regeneration
Scrolls
 i - a scroll of fear
 k - a scroll of enchant weapon
 l - a scroll of enchant armour {unknown}
 m - a scroll of identify
 p - 2 scrolls of teleportation
 q - a scroll of blinking {unknown}
 u - a scroll of silence {unknown}
Potions
 d - 4 potions of might
 e - a potion of resistance
 h - a potion of berserk rage
 n - a potion of curing
 t - a potion of lignification {unknown}


   Skills:
 + Level 3.5 Fighting
 + Level 2.4 Maces & Flails
 + Level 1.2 Throwing
 + Level 3.2 Armour
 + Level 3.2 Shields
 + Level 1.4 Evocations


You had 3 spell levels left.
You didn't know any spells.
Your spell library was empty.

Dungeon Overview and Level Annotations

Branches:
Dungeon (3/15)

Altars:

Shops:
D:1 =(*(

Annotations:
D:3 Sigmund


Innate Abilities, Weirdness & Mutations

A meltable icy envelope protects you from harm. (AC +0)
A meltable shield of frost defends you. (SH +0)


Message History

Found a stone staircase leading down.
You have 149 gold pieces.
Unknown command.
Sigmund the Dreaded comes into view.
He is wielding a +4 scythe of protection and carrying a wand of flame (13).
Sigmund shouts!
Sigmund casts a spell at you.
You are confused.
Sigmund zaps a wand.
The puff of flame hits you!
Your icy defenses dissipate!
Sigmund is nearby!
Sigmund zaps a wand.
The puff of flame hits you.
You feel less confused. Sigmund closely misses you.
Sigmund hits you with a +4 scythe of protection.
You sock Sigmund!
Sigmund is moderately wounded.
Sigmund zaps a wand.
The puff of flame misses you.
You completely miss Sigmund.
Sigmund is moderately wounded.
Sigmund gestures at you while chanting. You resist with some effort.
You closely miss Sigmund.
Sigmund is moderately wounded.
Sigmund points at you and mumbles some strange words.
You are confused.
You bump into the rock wall.
Sigmund hits you but does no damage.
You bump into the rock wall.
Sigmund hits you with a +4 scythe of protection!
* * * LOW HITPOINT WARNING * * *
You're too confused to move!
You bump into the rock wall.
Sigmund zaps a wand.
The puff of flame misses you.
Sigmund mumbles some strange words.
Sigmund flickers and vanishes!
Deactivating autopickup; reactivate with Ctrl-A.
You bump into the rock wall.
Something hits you.
* * * LOW HITPOINT WARNING * * *
You bump into the rock wall.
You feel less confused. Something hits you.
You die...

####...# .......
.....†.##....# #########
.............# #.......#
....##.......###.#####.#
.....#...).....#.# #.#
.....#...†.....#.# #.#
.....#.........#.#####.#
....##.........#...>...#
#......#.#.....#@......#
#..#####....####.#####.#
#..##.......+..{.# #.#
#..##.......##.### #.#
#..##....#####. #.#
#..##....# # #######.#
#......<.#####.#.......#
#...##.#.......#.....###
#...##.#############.#


There were no monsters in sight!

Vanquished Creatures
  4 adders
  2 worms (D:2)
  5 dart slugs
  An orc (D:3)
  4 bats
  5 endoplasms
  3 giant cockroaches
  5 goblins
  7 hobgoblins
  7 kobolds
  4 quokkas
  6 ball pythons
  A frilled lizard (D:2)
  6 rats
60 creatures vanquished.

Vanquished Creatures (others)
  15 plants (D:2)
15 creatures vanquished.

Grand Total: 75 creatures vanquished

Notes
Turn   | Place    | Note
-------+----------+-------------------------------------------
     0 | D:1      | GorkyZ the Demonspawn Fighter began the quest for the Orb.
     0 | D:1      | Reached XP level 1. HP: 18/18 MP: 1/1
    79 | D:1      | Found Ehaseyla's Antique Weapon Boutique.
   205 | D:1      | Found a faded altar of an unknown god.
   218 | D:1      | Gained mutation: A meltable shield of frost defends you.
                  | (SH +0) [demonic ancestry]
   218 | D:1      | Reached XP level 2. HP: 24/24 MP: 2/2
   329 | D:1      | Found Gerchiph's Jewellery Emporium.
   337 | D:1      | Found Ryuj's Weapon Shoppe.
   429 | D:1      | Reached XP level 3. HP: 27/29 MP: 3/3
   716 | D:1      | Found Luotue's Assorted Antiques.
  1063 | D:2      | Reached skill level 1 in Evocations
  1378 | D:2      | Reached skill level 1 in Throwing
  1551 | D:2      | Gained mutation: A meltable icy envelope protects you from
                  | harm. (AC +0) [demonic ancestry]
  1551 | D:2      | Reached XP level 4. HP: 22/35 MP: 0/4
  2453 | D:3      | Noticed Sigmund
  2469 | D:3      | Slain by Sigmund

Illustrated notes

Levels and vault maps discovered:
D:1:      dpeg_arrival_renting, layout_basic, serial_shops,
          nicolae_shop_statue_plus, nicolae_shop_bloodbath_and_beyond,
          nicolae_shop_behind_doors, nicolae_shop_crystal,
          chequers_ecumenical_altar_twisty, st_stairs_11
D:2:      layout_rooms, serial_bayou, serial_bayou_pond_d, serial_bayou_lake_a,
          serial_bayou_ford_a, serial_bayou_pond_d, serial_bayou_pond_b,
          serial_bayou_lagoon_a, minmay_randomly_rotated_circles
D:3:      layout_basic, item_on_display_a, uniq_sigmund, uniq_ijyb

Skill      XL: |  1  2  3 |
---------------+----------+-----
Maces & Flails | 2 |  2.4
Evocations     | 1 |  1.4
Armour         | 3 |  3.2
Shields        | 3 |  3.2
Throwing       | 1 |  1.2
Fighting       | |  3.5

Action                   |  1- 3 |  4- 6 || total
-------------------------+-------+-------++-------
Melee: Flail             |   120 |    65 ||   185
  Use: Scroll            |     4 |     3 ||     7
       Potion            |     2 |     2 ||     4
 Stab: Invisible         |       |     1 ||     1
Armor: Scale mail        |    54 |    35 ||    89
Dodge: Dodged            |    48 |    20 ||    68
Block: Buckler           |    44 |    30 ||    74
